 Dungeon Crawl Stone Soup version 0.22-a0-282-gdd34a7d (webtiles) character file.

1827 GizzardofKazz the Carver (level 8, -10/64 HPs)
             Began as a Minotaur Berserker on Mar 17, 2018.
             Was a Priest of Trog.
             Engulfed by an ice statue's freezing vapour (16 damage)
             ... on level 7 of the Dungeon.
             The game lasted 00:16:09 (7730 turns).

GizzardofKazz the Carver (Minotaur Berserker)       Turns: 7730, Time: 00:16:09

Health: -10/64     AC:  6    Str: 24    XL:     8   Next: 86%
Magic:  0/7        EV: 11    Int:  4    God:    Trog [***...]
Gold:   410        SH:  0    Dex: 13    Spells: 7/7 levels left

rFire    + . .     SeeInvis .   D - +1 rapier "Zataixtess" {pain, Str+3}
rCold    . . .     Gourm    .   (no shield)
rNeg     . . .     Faith    .   l - +1 leather armour {rF+}
rPois    .         Spirit   +   z - +0 hat
rElec    .         Reflect  .   (no cloak)
rCorr    .         Harm     .   (no gloves)
MR       .....                  E - +0 pair of boots
Stlth    ++........             g - amulet of guardian spirit
HPRegen  0.20/turn              G - +1 ring of protection
MPRegen  0.10/turn              y - ring of stealth

@: heavily drained
A: retaliatory headbutt, horns 2
a: Berserk, Trog's Hand, Renounce Religion


You were on level 7 of the Dungeon.
You worshipped Trog.
Trog was most pleased with you.
You were not hungry.

You visited 1 branch of the dungeon, and saw 7 of its levels.

You collected 410 gold pieces.

Inventory:

Hand Weapons
 a - a +0 falchion
 D - the +1 rapier "Zataixtess" (weapon) {pain, Str+3}
   (You found it on level 7 of the Dungeon)

   In the hands of one skilled in necromantic magic, it inflicts extra damage on
   living creatures.
   It affects your strength (+3).
Armour
 l - a +1 leather armour of fire resistance (worn)
 z - a +0 hat (worn)
 E - a +0 pair of boots (worn)
Jewellery
 b - an uncursed ring of ice
 d - an uncursed ring of see invisible
 g - an amulet of guardian spirit (around neck)
 y - a ring of stealth (right hand)
 G - a +1 ring of protection (left hand)
Wands
 o - a wand of flame (27)
 q - a wand of enslavement (12)
 B - a wand of disintegration (19)
Scrolls
 f - 2 scrolls of magic mapping
 i - 2 scrolls of enchant weapon
 k - a scroll of remove curse
 s - 2 scrolls of enchant armour {unknown}
 t - a scroll of noise {unknown}
 u - a scroll of teleportation {unknown}
 x - a scroll of fog {unknown}
 F - a scroll of immolation {unknown}
Potions
 e - a potion of flight {unknown}
 h - a potion of resistance {unknown}
 j - a potion of berserk rage {unknown}
 m - a potion of degeneration {unknown}
 n - 2 potions of heal wounds
 p - a potion of invisibility {unknown}
 r - 3 potions of lignification {unknown}
 w - 3 potions of curing {unknown}
 A - a potion of cancellation {unknown}
Comestibles
 c - 9 rations


   Skills:
 - Level 3.6(1.9) Fighting
 + Level 13.6(11.4) Long Blades
 - Level 2.4(0.8) Armour
 - Level 2.1(0.5) Dodging


You had 7 spell levels left.
You didn't know any spells.

Dungeon Overview and Level Annotations

Branches:
Dungeon (7/15)             Temple (0/1) D:7

Altars:
Xom

Annotations:
D:7 exclusion: ice statue


Innate Abilities, Weirdness & Mutations

You reflexively headbutt those who attack you in melee.
You have a pair of horns on your head.


Message History

A phantom comes into view.
The phantom blinks!
The phantom hits you but does no damage.
The phantom closely misses you. You furiously retaliate!
You headbutt the phantom, but do no damage.
The ice statue gestures at you. The freezing blast engulfs you!
Why would you want to do that?
You're standing in a cloud of freezing vapour!
You hit the phantom. Your headbutt misses the phantom.
The phantom is lightly damaged.
You are engulfed in freezing vapours.
The phantom is engulfed in freezing vapours.
The phantom hits you.
The ice statue glitters chillingly in the dim dungeon light.
The ice statue gestures at you. The freezing blast engulfs you!
* * * LOW HITPOINT WARNING * * *
You are engulfed in freezing vapours.
You die...

##############
#⌠.....≈≈≈....
##......≈≈≈....
#.....@§§8≈....
####
#.....W§§≈≈....
#..#
#.⌠...§§§§≈....
##..#
#.#############
...## #.# #..#
#"# #.## #.#
..# #.#######
### #.......#


You could see an ice statue and a phantom.

Vanquished Creatures
  A hippogriff (D:7)
  A water moccasin (D:7)
  An ice beast (D:6)
  A sky beast (D:6)
  3 ogres
  3 centaurs
  2 bullfrogs (D:7)
  2 scorpions
  3 crimson imps
  2 orc priests
  2 hounds (D:7)
  A bullfrog skeleton (D:5)
  2 iguanas
  2 orc wizards
  2 worker ants
  A hound skeleton (D:7)
  7 adders
  3 gnolls (D:5)
  2 shadow imps
  3 adder skeletons
  7 worms
  2 dart slugs
  3 leopard geckos
  15 orcs
  3 ball pythons
  8 giant cockroaches
  8 goblins
  4 hobgoblins
  4 jackals
  A quokka (D:3)
  4 bats
  3 frilled lizards
  6 kobolds
  A leopard gecko skeleton (D:5)
  A quokka zombie (D:7)
  4 rats
118 creatures vanquished.

Notes
Turn   | Place    | Note
-------+----------+-------------------------------------------
     0 | D:1      | GizzardofKazz the Minotaur Berserker began the quest for the Orb.
     0 | D:1      | Reached XP level 1. HP: 19/19 MP: 0/0
   148 | D:1      | Reached skill level 4 in Long Blades
   599 | D:1      | Reached XP level 2. HP: 26/26 MP: 1/1
  1096 | D:2      | Reached skill level 5 in Long Blades
  1096 | D:2      | Reached XP level 3. HP: 27/31 MP: 2/2
  1757 | D:2      | Reached skill level 6 in Long Blades
  1757 | D:2      | Reached XP level 4. HP: 39/39 MP: 3/3
  2198 | D:3      | Reached ** piety under Trog
  2482 | D:3      | Noticed an ogre
  2491 | D:3      | Killed an ogre
  2491 | D:3      | Reached skill level 7 in Long Blades
  2491 | D:3      | Reached XP level 5. HP: 45/45 MP: 2/4
  3558 | D:4      | Reached skill level 8 in Long Blades
  3690 | D:4      | Found a shimmering altar of Xom.
  4000 | D:5      | Entered Level 5 of the Dungeon
  4019 | D:5      | Reached XP level 6. HP: 51/51 MP: 5/5
  4522 | D:5      | Reached skill level 9 in Long Blades
  4979 | D:5      | Reached XP level 7. HP: 57/57 MP: 6/6
  5430 | D:6      | HP: 2/85 [centaur (8)]
  5431 | D:6      | Reached skill level 10 in Long Blades
  5745 | D:6      | Reached *** piety under Trog
  5862 | D:6      | Reached skill level 11 in Long Blades
  6058 | D:6      | Reached XP level 8. HP: 42/64 MP: 5/7
  6725 | D:7      | Found a staircase to the Ecumenical Temple.
  6734 | D:7      | Reached skill level 12 in Long Blades
  7245 | D:7      | Got a smoking rapier
  7246 | D:7      | Identified the +1 rapier "Zataixtess" {pain, Str+3} (You found it on level 7 of the Dungeon)
  7408 | D:7      | Reached skill level 13 in Long Blades
  7672 | D:7      | Noticed a hippogriff
  7681 | D:7      | Killed a hippogriff
  7714 | D:7      | Noticed an ice statue
  7730 | D:7      | Engulfed by an ice statue's freezing vapour

Vault maps used:
D:1:      dpeg_arrival_lava_temple_mockup
D:4:      tgw_xom
D:5:      first_ration
D:6:      corexii_shack, amethyst_killhole, small_statue_intersection
D:7:      lemuel_ice_statue, temple_statues

Skill      XL: |  1  2  3  4  5  6  7  8 |
---------------+-------------------------+-----
Long Blades    | 4 5 6 7 8 9 11 13 | 13.6
Fighting       | |  3.6
Armour         | |  2.4
Dodging        | |  2.1

Action                   |  1- 3 |  4- 6 |  7- 9 || total
-------------------------+-------+-------+-------++-------
Melee: Falchion          |    62 |   145 |   122 ||   329
       Headbutt          |    14 |    35 |    36 ||    85
       Rapier            |       |       |    19 ||    19
Invok: Berserk           |       |     1 |     2 ||     3
  Use: Scroll            |       |     4 |     1 ||     5
       Potion            |       |       |     1 ||     1
 Stab: Sleeping          |     1 |       |     2 ||     3
  Eat: Chunk             |     3 |    10 |    11 ||    24
Armor: Animal skin       |     3 |       |       ||     3
       Leather armour    |    12 |    27 |    26 ||    65
Dodge: Dodged            |    41 |    82 |    59 ||   182
       Rpst.: Falchion   |    16 |    17 |    10 ||    43

Table legend:
 A = Spawn XP
 B = Non-spawn XP
 C = Spawn XP percentage of total XP
 D = Spawn monster count
 E = Non-spawn monster count
 F = Spawn count percentage of total count
 G = Total turns spent on level
                    A         B        C        D         E        F      G
               +---------+---------+-------+---------+---------+-------+---------
         Total |       0 |    2610 |   0.0 |       0 |     118 |   0.0 |  7730
               +---------+---------+-------+---------+---------+-------+---------
           D:1 |       0 |      12 |   0.0 |       0 |       8 |   0.0 |   874
           D:2 |       0 |      93 |   0.0 |       0 |      25 |   0.0 |  1293
           D:3 |       0 |     188 |   0.0 |       0 |      28 |   0.0 |  1060
           D:4 |       0 |      55 |   0.0 |       0 |       3 |   0.0 |   773
           D:5 |       0 |     418 |   0.0 |       0 |      24 |   0.0 |  1412
           D:6 |       0 |     909 |   0.0 |       0 |      17 |   0.0 |  1301
           D:7 |       0 |     935 |   0.0 |       0 |      13 |   0.0 |  1017
               +---------+---------+-------+---------+---------+-------+---------
